[Event "Titled Tuesday Blitz June 27 Early 2023"]
[White "Paravyan, David"]
[Black "Kilic, Eray"]
[WhiteFideId "4194985"]
[BlackFideId "44517173"]
[WhiteElo "2996"]
[BlackElo "2769"]
[Result "1-0"]
[Round "3"]
[TimeControl "180+2"]
[Date "2023.06.27"]
[WhiteClock "0:00:20"]
[BlackClock "0:00:48"]
[Board "11"]

1. e4 e5 2. Nf3 Nf6 3. d4 Nxe4 4. Bd3 d5 5. Nxe5 Nf6 6. O-O Be7 7. Re1 O-O 8. Bf4 Nc6 9. c3 Bd6 10. Nd2 Ne7 11. Qc2 Ng6 12. Nxg6 fxg6 13. Bxd6 Qxd6 14. Nf3 c6 15. Ne5 Nd7 16. Re3 Nxe5 17. Rxe5 Bd7 18. Rae1 Rf7 19. f3 Raf8 20. Qa4 a6 21. Qb4 Qxb4 22. cxb4 Rf4 23. Re7 R8f7 24. Rxf7 Kxf7 25. Rd1 Ke7 26. Be2 Kd6 27. Kf2 Rf7 28. h4 Bf5 29. a3 Re7 30. g4 Bd7 31. Bd3 Rf7 32. Kg3 h5 33. Bxg6 Rxf3+ 34. Kxf3 Bxg4+ 35. Kf4 Bxd1 36. Bd3 Ke6 37. Kg5 Bg4 38. a4 b5 39. a5 Kf7 40. Bg6+ Ke6 41. Be8 Kd6 42. Bxh5 Bd7 43. Bg6 Ke7 44. Bd3 Be6 45. Kg6 Kf8 46. Kg5 Ke7 47. Bc2 Bf7 48. Bf5 Be8 49. Bc8 Kd6 50. Bxa6 Kc7 51. Kf5 Bf7 52. Ke5 Be8 53. Ke6 Bh5 54. Ke7 Be2 55. Kf7 Bg4 56. Kxg7 Kb8 57. Kg6 Ka7 58. Bxb5 cxb5 59. h5 Bf3 60. h6 Be4+ 61. Kg7 Kb7 62. h7 Bxh7 63. Kxh7 Kc6 64. Kg6 Kd6 65. Kf6 1-0


[Site "https://www.chess.com"]

[Event "Titled Tuesday Blitz June 27 Early 2023"]
[White "Halkias, Stelios"]
[Black "Narayanan.S.L"]
[WhiteFideId "4201809"]
[BlackFideId "5058422"]
[WhiteElo "2767"]
[BlackElo "2992"]
[Result "0-1"]
[Round "3"]
[TimeControl "180+2"]
[Date "2023.06.27"]
[WhiteClock "0:00:04"]
[BlackClock "0:00:57"]
[Board "12"]

1. Nf3 Nf6 2. c4 b6 3. g3 Bb7 4. Bg2 g6 5. d4 Bg7 6. O-O O-O 7. d5 e6 8. Nc3 Na6 9. e4 d6 10. Re1 e5 11. Qc2 Nb4 12. Qe2 a5 13. b3 Na6 14. Be3 Nc5 15. Nd2 Bc8 16. h3 Bd7 17. a3 Qe7 18. b4 Nb7 19. Nb5 Rfc8 20. Rec1 Ne8 21. g4 Bf6 22. Nf3 Kh8 23. Kh1 Bg7 24. Nc3 f6 25. Nd2 Qf8 26. Rg1 Bh6 27. Rab1 Bxe3 28. Qxe3 Kg7 29. Bf1 Kf7 30. Bd3 Qe7 31. Rgf1 g5 32. Ne2 Ng7 33. Ng3 h5 34. Nf5 Bxf5 35. exf5 Rh8 36. Kg2 hxg4 37. hxg4 Rh4 38. f3 Rah8 39. Rh1 Qe8 40. Rxh4 Rxh4 41. Rh1 Rxh1 42. Kxh1 Qa4 43. Ne4 Qxa3 44. Nxg5+ fxg5 45. Qxg5 Qxd3 46. Qg6+ Kf8 47. Qf6+ Kg8 48. Kg2 axb4 49. Qg5 b3 50. f6 Qh7 0-1


[Site "https://www.chess.com"]

[Event "Titled Tuesday Blitz June 27 Early 2023"]
[White "Hakobyan, Aram"]
[Black "Hayrapetyan, Hovik"]
[WhiteFideId "13306677"]
[BlackFideId "13302639"]
[WhiteElo "2990"]
[BlackElo "2764"]
[Result "1-0"]
[Round "3"]
[TimeControl "180+2"]
[Date "2023.06.27"]
[WhiteClock "0:00:18"]
[BlackClock "0:00:00"]
[Board "13"]

1. d4 Nf6 2. c4 e6 3. Nc3 Bb4 4. e3 O-O 5. a3 Bxc3+ 6. bxc3 c5 7. Ne2 b6 8. Ng3 Bb7 9. Bd3 Nc6 10. O-O d6 11. Bb2 Rc8 12. e4 cxd4 13. cxd4 Na5 14. Rc1 Nd7 15. Qe2 e5 16. Nf5 exd4 17. Bxd4 Ne5 18. f4 Nxd3 19. Qxd3 f6 20. Rc3 Nc6 21. Qg3 Rc7 22. Bf2 Bc8 23. Qh4 Bxf5 24. exf5 Ne7 25. g4 h6 26. Rd1 d5 27. Qg3 Qc8 28. c5 bxc5 29. Rdc1 1-0


[Site "https://www.chess.com"]

[Event "Titled Tuesday Blitz June 27 Early 2023"]
[White "Panesar Vedant"]
[Black "Andreikin, Dmitry"]
[WhiteFideId "35033018"]
[BlackFideId "4158814"]
[WhiteElo "2754"]
[BlackElo "2989"]
[Result "0-1"]
[Round "3"]
[TimeControl "180+2"]
[Date "2023.06.27"]
[WhiteClock "0:00:00"]
[BlackClock "0:00:31"]
[Board "14"]

1. e4 c5 2. Nf3 e6 3. d4 cxd4 4. Nxd4 a6 5. Bd3 Bc5 6. Nb3 Be7 7. Qg4 Bf6 8. O-O Nc6 9. Qe2 d6 10. f4 Nge7 11. N1d2 O-O 12. a4 b6 13. Nc4 d5 14. exd5 exd5 15. Ne5 Qc7 16. Re1 Ng6 17. Ng4 Bxg4 18. Qxg4 Rfe8 19. Rf1 Nb4 20. Bxg6 hxg6 21. c3 Nc2 22. Rb1 Qc4 23. Na1 Nxa1 24. Rxa1 Re2 25. b3 Qe4 26. Ba3 Bxc3 27. Rad1 d4 28. Kh1 Re8 29. h3 d3 30. Rf3 Re1+ 31. Rf1 d2 32. Qd7 Qe2 33. Kh2 Qxf1 34. Qxe8+ Rxe8 35. Rxf1 Re1 0-1


[Site "https://www.chess.com"]

[Event "Titled Tuesday Blitz June 27 Early 2023"]
[White "Sjugirov, Sanan"]
[Black "Kislinsky, Alexey"]
[WhiteFideId "4189302"]
[BlackFideId "14108801"]
[WhiteElo "2977"]
[BlackElo "2753"]
[Result "0-1"]
[Round "3"]
[TimeControl "180+2"]
[Date "2023.06.27"]
[WhiteClock "0:00:00"]
[BlackClock "0:00:36"]
[Board "15"]

1. d4 Nf6 2. c4 c5 3. d5 b5 4. cxb5 a6 5. e3 e6 6. Nc3 exd5 7. Nxd5 Be7 8. Nf3 Bb7 9. Nxe7 Qxe7 10. Be2 axb5 11. Bxb5 O-O 12. O-O Ne4 13. Be2 Nc6 14. Bd2 d5 15. a4 Rad8 16. Qc1 Rd6 17. b4 cxb4 18. Rb1 Rg6 19. Qb2 d4 20. exd4 Nxd2 21. Qxd2 Nxd4 22. Qxd4 Qxe2 23. Nh4 Rg4 24. Qd7 Bc8 0-1


[Site "https://www.chess.com"]

[Event "Titled Tuesday Blitz June 27 Early 2023"]
[White "Lorparizangeneh, Shahin"]
[Black "Van Foreest, Jorden"]
[WhiteFideId "12521604"]
[BlackFideId "1039784"]
[WhiteElo "2743"]
[BlackElo "2976"]
[Result "0-1"]
[Round "3"]
[TimeControl "180+2"]
[Date "2023.06.27"]
[WhiteClock "0:00:12"]
[BlackClock "0:01:07"]
[Board "16"]

1. e4 c5 2. Nf3 Nc6 3. Bb5 g6 4. O-O Bg7 5. c3 a6 6. Bxc6 dxc6 7. d4 cxd4 8. cxd4 Bg4 9. Be3 Bxf3 10. gxf3 Nf6 11. Nc3 O-O 12. Qb3 Qd7 13. Kg2 Nh5 14. Rad1 e6 15. Na4 Qe7 16. Nc5 Rab8 17. Qc4 Rfd8 18. e5 Qh4 19. Ne4 Nf4+ 20. Bxf4 Qxf4 21. Rd3 Rd5 22. Rfd1 Rbd8 23. Qb3 Rb8 24. Rc3 h5 25. h3 Kh7 26. a4 Rbd8 27. Rc4 Kh8 28. Qxb7 Bxe5 29. Rxc6 Bxd4 30. Rc8 Rxc8 31. Qxc8+ Kg7 32. Qxa6 Bxb2 33. Rxd5 exd5 34. Ng3 h4 35. Ne2 Qg5+ 36. Kf1 Qf5 37. Qb5 Qxh3+ 38. Ke1 Qh1+ 39. Kd2 Bf6 40. Qxd5 h3 41. Ng3 Qg2 42. Ke2 h2 43. Qd1 Be5 44. Qh1 Qg1 45. f4 Bxf4 0-1


[Site "https://www.chess.com"]

[Event "Titled Tuesday Blitz June 27 Early 2023"]
[White "Mahdavi, Reza"]
[Black "Gurel, Ediz"]
[WhiteFideId "12595926"]
[BlackFideId "44507356"]
[WhiteElo "2741"]
[BlackElo "2968"]
[Result "1-0"]
[Round "3"]
[TimeControl "180+2"]
[Date "2023.06.27"]
[WhiteClock "0:00:14"]
[BlackClock "0:00:03"]
[Board "17"]

1. e4 c5 2. Nf3 Nc6 3. Bb5 Qc7 4. O-O e6 5. Nc3 Nd4 6. Nxd4 cxd4 7. Ne2 Nf6 8. d3 a6 9. Ba4 b5 10. Bb3 Bc5 11. h3 O-O 12. Bg5 Bb7 13. Qd2 a5 14. Bxf6 gxf6 15. Qh6 Be7 16. Ng3 Kh8 17. Nh5 Rg8 18. Nxf6 Rg7 19. a4 Qd8 20. Nh5 Rg5 21. Ng3 b4 22. Rae1 Qg8 23. Kh2 Bd6 24. Qf6+ Qg7 25. Qxg7+ Rxg7 26. e5 Bc7 27. f4 Rag8 28. Ne4 Rxg2+ 29. Kh1 R2g3 30. Kh2 Rg2+ 31. Kh1 R2g3 32. Kh2 Re3 33. Rxe3 dxe3 34. Re1 Bb6 35. c3 bxc3 36. bxc3 Bxe4 37. dxe4 Rc8 38. c4 Bc5 39. Bd1 Rb8 40. Bh5 Rb2+ 41. Re2 Rb4 42. Bxf7 Rxc4 43. Kg2 Rxe4 44. Kf3 Rxa4 45. Be8 Rb4 46. Bxd7 a4 47. Bxe6 a3 48. f5 Bd4 49. Rg2 Rb8 50. f6 Bxe5 51. f7 Bg7 52. Kxe3 h6 53. Ke4 Rb4+ 54. Kd5 Rb5+ 55. Kc6 Rb8 56. Rg3 Ra8 57. Ba2 Rc8+ 58. Kd7 Ra8 59. Kc7 Ra7+ 60. Kb6 Ra8 61. Kb7 Rd8 62. Rxa3 Bf8 63. Rg3 Bg7 64. Kc7 Ra8 65. Be6 Ra7+ 66. Kd8 Ra8+ 67. Ke7 Bf8+ 68. Kf6 h5 69. Rg8+ Kh7 70. Bf5+ Kh6 71. Rh8# 1-0


[Site "https://www.chess.com"]

[Event "Titled Tuesday Blitz June 27 Early 2023"]
[White "Nguyen, Ngoc Truong Son"]
[Black "gau_npukyputb"]
[WhiteFideId "12401110"]
[WhiteElo "2964"]
[BlackElo "2739"]
[Result "1-0"]
[Round "3"]
[TimeControl "180+2"]
[Date "2023.06.27"]
[WhiteClock "0:00:12"]
[BlackClock "0:00:00"]
[Board "18"]

1. d4 Nf6 2. c4 d6 3. Nf3 Bg4 4. Qb3 Qc8 5. g3 Nbd7 6. Bg2 e5 7. O-O Be7 8. Be3 O-O 9. Nc3 c6 10. Rad1 exd4 11. Nxd4 Nc5 12. Qc2 a5 13. b3 Re8 14. a3 Bf8 15. Bg5 Re5 16. Bxf6 gxf6 17. b4 axb4 18. axb4 Ne6 19. Nf3 Rh5 20. Ne4 Qd8 21. Qc3 Be7 22. Rxd6 Bxd6 23. Nxf6+ Kf8 24. Nxg4 Ng5 25. Rd1 Ne4 26. Qe3 Qe7 27. c5 Bc7 28. Nh4 Re8 29. Qxe4 Qxe4 30. Bxe4 Rxe4 31. Nf6 Rhxh4 32. gxh4 Rxb4 33. Rd7 Be5 34. Nxh7+ Ke8 35. Rd3 Rxh4 36. Re3 Rxh7 37. Rxe5+ Kf8 38. f4 Rh3 39. Kg2 Rc3 40. h4 f6 41. Rf5 Kg7 42. h5 Rc2 43. Kf3 Rc3+ 44. e3 Rc4 45. e4 Rc3+ 46. Ke2 Rc4 47. Kd3 Rc1 48. Kd4 Rd1+ 49. Ke3 Re1+ 50. Kd3 Rd1+ 51. Ke2 Rc1 52. e5 fxe5 53. Rxe5 Rb1 54. Kf3 b6 55. cxb6 Rxb6 56. Kg4 Rb5 57. Kg5 1-0


[Site "https://www.chess.com"]

[Event "Titled Tuesday Blitz June 27 Early 2023"]
[White "Morefield, Jason"]
[Black "Sanal, Vahap"]
[WhiteFideId "30920825"]
[BlackFideId "6300545"]
[WhiteElo "2737"]
[BlackElo "2962"]
[Result "1-0"]
[Round "3"]
[TimeControl "180+2"]
[Date "2023.06.27"]
[WhiteClock "0:00:19"]
[BlackClock "0:01:50"]
[Board "19"]

1. e4 d6 2. d4 Nf6 3. Nc3 e5 4. dxe5 dxe5 5. Qxd8+ Kxd8 6. Bc4 Ke8 7. f4 Bb4 8. Bd3 Nbd7 9. Nf3 exf4 10. Bxf4 c6 11. O-O Nc5 12. Be5 Rg8 13. a3 Ba5 14. b4 Nxd3 15. cxd3 Bb6+ 16. Kh1 Ng4 17. Bd4 Be6 18. Bxb6 axb6 19. h3 Nf6 20. Kg1 Ke7 21. Kf2 b5 22. Ke3 Ra7 23. a4 Rga8 24. a5 b6 25. Nd4 Bd7 26. e5 Ne8 27. axb6 Rxa1 28. Rxa1 Rb8 29. Ra6 g6 30. Ne4 f6 31. Nc5 fxe5 32. Nf3 Nf6 33. Nxe5 Be8 34. b7 Nd5+ 35. Kd4 Nxb4 36. Ra8 Na6 37. Rxa6 Kd6 38. Ra8 Kc7 39. Na6+ Kxb7 40. Rxb8+ Kxa6 41. Rxe8 1-0


[Site "https://www.chess.com"]

[Event "Titled Tuesday Blitz June 27 Early 2023"]
[White "Jones, Gawain C B"]
[Black "Renjith, Sravan"]
[WhiteFideId "409561"]
[BlackFideId "4306783"]
[WhiteElo "2957"]
[BlackElo "2734"]
[Result "1/2-1/2"]
[Round "3"]
[TimeControl "180+2"]
[Date "2023.06.27"]
[WhiteClock "0:00:04"]
[BlackClock "0:01:15"]
[Board "20"]

1. Nf3 Nf6 2. g3 g6 3. b3 Bg7 4. Bb2 O-O 5. Bg2 c6 6. O-O d5 7. d3 Nbd7 8. Nbd2 Qc7 9. e4 e5 10. Qe2 Re8 11. exd5 Nxd5 12. c4 N5b6 13. Rac1 a5 14. Rfe1 a4 15. b4 a3 16. Ba1 Nf8 17. c5 Nd5 18. Nc4 f6 19. Nd6 Re7 20. b5 Be6 21. d4 exd4 22. Nxd4 Bf7 23. Bxd5 Rxe2 24. Bxf7+ Qxf7 25. Nxf7 Rxe1+ 26. Rxe1 Kxf7 27. bxc6 bxc6 28. Nxc6 Rc8 29. Re7+ Kg8 30. Nd4 Rxc5 31. Kg2 Rc1 32. Nb3 Rc2 33. Ra7 Rxa2 34. Bc3 Rc2 35. Bd4 a2 36. Na1 Rd2 37. Bc3 Rd3 38. Bb2 Rd2 39. Bc3 Rd3 40. Bb2 Rd2 41. Bc3 1/2-1/2


[Site "https://www.chess.com"]

[Event "Titled Tuesday Blitz June 27 Early 2023"]
[White "Quintiliano Pinto, Renato R."]
[Black "Movahed, Sina"]
[WhiteFideId "2117568"]
[BlackFideId "42520835"]
[WhiteElo "2731"]
[BlackElo "2943"]
[Result "0-1"]
[Round "3"]
[TimeControl "180+2"]
[Date "2023.06.27"]
[WhiteClock "0:00:04"]
[BlackClock "0:00:13"]
[Board "21"]

1. d4 Nf6 2. c4 g6 3. Nf3 Bg7 4. g3 O-O 5. Bg2 d6 6. O-O Nbd7 7. Nc3 e5 8. h3 Re8 9. Qc2 c6 10. e4 exd4 11. Nxd4 Nb6 12. b3 d5 13. exd5 cxd5 14. Rd1 Bd7 15. Bg5 h6 16. Bxf6 Qxf6 17. c5 Rac8 18. cxb6 Qxb6 19. Bxd5 Bxh3 20. Bc4 Rxc4 21. bxc4 Bxd4 22. Nd5 Qc5 23. Rab1 Bf5 24. Qa4 Bxf2+ 25. Kg2 Re2 26. Qb5 Bxg3+ 27. Kxg3 Qf2# 0-1


[Site "https://www.chess.com"]

[Event "Titled Tuesday Blitz June 27 Early 2023"]
[White "Indjic, Aleksandar"]
[Black "Lortkipanidze, Nodar"]
[WhiteFideId "911925"]
[BlackFideId "13604058"]
[WhiteElo "2941"]
[BlackElo "2729"]
[Result "1-0"]
[Round "3"]
[TimeControl "180+2"]
[Date "2023.06.27"]
[WhiteClock "0:00:08"]
[BlackClock "0:00:05"]
[Board "22"]

1. e4 c5 2. Nf3 d6 3. d4 cxd4 4. Nxd4 Nf6 5. Nc3 Nc6 6. Bg5 g6 7. Bxf6 exf6 8. Bb5 Bd7 9. Bc4 a6 10. a3 Bg7 11. Nxc6 Bxc6 12. O-O O-O 13. Qd3 Re8 14. Bb3 f5 15. exf5 Qg5 16. Nd5 Bxb2 17. Rab1 Bxa3 18. fxg6 hxg6 19. f4 Bc5+ 20. Kh1 Qh4 21. f5 g5 22. f6 Re4 23. Ne7+ Kf8 24. Nxc6 bxc6 25. g3 Qg4 26. c3 Rae8 27. Bd1 Qh3 28. Bf3 Re3 29. Qd2 Rxf3 30. Rxf3 Qg4 31. Rbf1 Kg8 32. Qg2 a5 33. h3 Qc4 34. g4 Re2 35. Qg3 Qe4 36. h4 Qh7 37. Qh3 gxh4 38. g5 Qe4 39. g6 Qxg6 40. Rf4 Re5 41. Rxh4 1-0


[Site "https://www.chess.com"]

[Event "Titled Tuesday Blitz June 27 Early 2023"]
[White "splendidkid"]
[Black "Antipov, Mikhail Al."]
[BlackFideId "4107012"]
[WhiteElo "2727"]
[BlackElo "2919"]
[Result "0-1"]
[Round "3"]
[TimeControl "180+2"]
[Date "2023.06.27"]
[WhiteClock "0:00:07"]
[BlackClock "0:00:13"]
[Board "23"]

1. d4 Nf6 2. Nf3 d5 3. c4 e6 4. Nc3 Bb4 5. cxd5 exd5 6. Bf4 O-O 7. e3 Ne4 8. Rc1 c5 9. dxc5 Nc6 10. Bd3 Bg4 11. O-O Nxc3 12. bxc3 Bxc5 13. h3 Bh5 14. Qc2 Bg6 15. Nd4 Rc8 16. Bf5 Bxd4 17. cxd4 Ne7 18. Bxg6 Rxc2 19. Bxc2 Qd7 20. Bb3 Rc8 21. Kh2 h6 22. g4 Rc6 23. Kg2 Qc8 24. e4 Qe6 25. e5 Qg6 26. Rcd1 Qe4+ 27. Kg3 Ng6 28. Bc1 Rc3+ 29. f3 h5 30. Bd2 Rd3 31. Bc2 Qe2 32. Rf2 Rxf3+ 33. Rxf3 h4# 0-1


[Site "https://www.chess.com"]

[Event "Titled Tuesday Blitz June 27 Early 2023"]
[White "Zhu, Jiner"]
[Black "Durarbayli, Vasif"]
[WhiteFideId "8608059"]
[BlackFideId "13402935"]
[WhiteElo "2722"]
[BlackElo "2914"]
[Result "0-1"]
[Round "3"]
[TimeControl "180+2"]
[Date "2023.06.27"]
[WhiteClock "0:00:10"]
[BlackClock "0:00:15"]
[Board "24"]

1. e4 c5 2. Nf3 d6 3. d4 cxd4 4. Nxd4 Nf6 5. Nc3 Nc6 6. Bg5 Qb6 7. Bxf6 gxf6 8. Nb3 f5 9. Bd3 fxe4 10. Bxe4 Bg7 11. Qh5 Bxc3+ 12. bxc3 Be6 13. O-O O-O-O 14. Rab1 d5 15. Bf3 Qc7 16. Nc5 b6 17. Nxe6 fxe6 18. Rfe1 Rd6 19. Qg4 h5 20. Qh3 Nd8 21. Bxh5 Rc6 22. Qg4 Kb8 23. h3 Rxc3 24. Bg6 Rg8 25. Qh5 Rc4 26. Bd3 Rf4 27. Qe5 Rh4 28. Qxc7+ Kxc7 29. Kh2 Rgh8 30. Re5 Kd6 31. Rbe1 R8h6 32. R5e3 Nc6 33. Bf1 Nb4 34. c3 Nc2 35. R1e2 Nxe3 36. Rxe3 Ra4 37. Re2 e5 38. g3 d4 39. Rd2 Rh8 40. c4 Kc5 41. Bd3 Ra3 42. h4 Kb4 43. Kh3 Kc3 44. Rd1 Rxa2 45. f3 Rd2 0-1


[Site "https://www.chess.com"]

[Event "Titled Tuesday Blitz June 27 Early 2023"]
[White "Tari, Aryan"]
[Black "Yuan, Qingyu"]
[WhiteFideId "1510045"]
[BlackFideId "8609772"]
[WhiteElo "2913"]
[BlackElo "2721"]
[Result "1-0"]
[Round "3"]
[TimeControl "180+2"]
[Date "2023.06.27"]
[WhiteClock "0:00:24"]
[BlackClock "0:00:10"]
[Board "25"]

1. e4 e5 2. Nf3 Nc6 3. d4 exd4 4. Nxd4 Nf6 5. Nxc6 bxc6 6. Nd2 d5 7. exd5 cxd5 8. Bb5+ Bd7 9. Bxd7+ Qxd7 10. O-O Be7 11. b3 O-O 12. Bb2 Qf5 13. Nf3 c5 14. Re1 Rfe8 15. Re5 Qd7 16. Qd3 d4 17. c3 dxc3 18. Qxc3 Bd6 19. Ree1 Qf5 20. Rad1 Bf8 21. Qc4 h6 22. Ne5 Re6 23. g4 Qg5 24. f4 Qh4 25. f5 Re7 26. Re3 Kh7 27. Rg3 Rae8 28. Nf3 Qxg3+ 29. hxg3 Re4 30. Qxf7 Nxg4 31. Qg6+ Kh8 32. f6 Nxf6 33. Bxf6 gxf6 34. Rd7 R4e7 35. Rxe7 Rxe7 36. Qxf6+ Kg8 37. Nh4 Rf7 38. Qe6 Bg7 39. Nf5 Bf8 40. Qg6+ Rg7 41. Nxg7 Bxg7 42. Kg2 1-0


[Site "https://www.chess.com"]

[Event "Titled Tuesday Blitz June 27 Early 2023"]
[White "Demchenko, Anton"]
[Black "Lavrik, Dmitry"]
[WhiteFideId "4160258"]
[BlackFideId "24113190"]
[WhiteElo "2908"]
[BlackElo "2721"]
[Result "1-0"]
[Round "3"]
[TimeControl "180+2"]
[Date "2023.06.27"]
[WhiteClock "0:00:20"]
[BlackClock "0:00:03"]
[Board "26"]

1. e4 c5 2. Nf3 e6 3. g3 a6 4. Bg2 b5 5. O-O Bb7 6. Re1 d6 7. c3 Nf6 8. Ng5 Be7 9. d4 cxd4 10. cxd4 O-O 11. e5 Nd5 12. h4 Nd7 13. Qd3 Bxg5 14. Bxg5 Qb6 15. Bxd5 Bxd5 16. Be7 dxe5 17. Bxf8 e4 18. Qe3 Rxf8 19. Nc3 Ba8 20. Nxe4 Qb7 21. f3 Nb6 22. Rac1 Nd5 23. Qf2 Rd8 24. a3 h6 25. Rc2 Ne7 26. g4 Nd5 27. Rec1 Nf4 28. Qe3 Nd5 29. Qd2 f5 30. Nc5 Qb8 31. g5 Qg3+ 32. Qg2 Qxh4 33. Nxe6 Ne3 34. Qh2 Qxh2+ 35. Kxh2 Nxc2 36. Nxd8 Nxd4 37. Rc8 Nxf3+ 38. Kg3 Be4 39. g6 Kf8 40. Nc6# 1-0


[Site "https://www.chess.com"]

[Event "Titled Tuesday Blitz June 27 Early 2023"]
[White "Ter-Sahakyan, Samvel"]
[Black "Postny, Evgeny"]
[WhiteFideId "13302531"]
[BlackFideId "2804344"]
[WhiteElo "2899"]
[BlackElo "2718"]
[Result "1/2-1/2"]
[Round "3"]
[TimeControl "180+2"]
[Date "2023.06.27"]
[WhiteClock "0:00:11"]
[BlackClock "0:00:15"]
[Board "27"]

1. d4 d5 2. c4 c6 3. Nf3 Nf6 4. g3 g6 5. Bg2 Bg7 6. O-O O-O 7. Nc3 dxc4 8. e4 Bg4 9. h3 Bxf3 10. Bxf3 e5 11. dxe5 Qxd1 12. Bxd1 Nfd7 13. f4 Nc5 14. Be2 b5 15. Be3 Nba6 16. a4 b4 17. Nd1 Nxe4 18. Bxc4 Nc7 19. Kg2 Rfd8 20. Nf2 Nd2 21. Rfc1 Nxc4 22. Rxc4 Nd5 23. Kf3 f6 24. Ng4 fxe5 25. Nxe5 Bxe5 26. fxe5 Rf8+ 27. Ke2 Nxe3 28. Kxe3 Rae8 29. Rxb4 Rxe5+ 30. Re4 Rxe4+ 31. Kxe4 Rb8 32. Ra2 Rb3 33. g4 Rxh3 34. b4 Rb3 35. b5 cxb5 36. axb5 Rb4+ 37. Kf3 Rxb5 38. Rxa7 h5 39. gxh5 Rxh5 40. Kg4 Rf5 41. Rc7 Rf7 42. Rxf7 Kxf7 43. Kg5 Kg7 44. Kg4 Kf6 45. Kf4 g5+ 46. Kg4 Kg6 47. Kg3 Kf5 48. Kf3 g4+ 49. Kg3 Kg5 50. Kg2 Kf4 51. Kf2 g3+ 52. Kg2 Kg4 53. Kg1 Kf3 54. Kf1 g2+ 55. Kg1 Kg3 1/2-1/2


[Site "https://www.chess.com"]

[Event "Titled Tuesday Blitz June 27 Early 2023"]
[White "Matinian, Nikita"]
[Black "Makhnev, Denis"]
[WhiteFideId "24129100"]
[BlackFideId "13707647"]
[WhiteElo "2717"]
[BlackElo "2897"]
[Result "0-1"]
[Round "3"]
[TimeControl "180+2"]
[Date "2023.06.27"]
[WhiteClock "0:00:07"]
[BlackClock "0:00:25"]
[Board "28"]

1. e4 e5 2. Nf3 Nc6 3. Bb5 a6 4. Ba4 Nf6 5. O-O Be7 6. d3 d6 7. c3 O-O 8. Nbd2 b5 9. Bc2 Bb7 10. a4 Nb8 11. d4 Nbd7 12. Re1 Re8 13. Bd3 c6 14. b3 Bf8 15. Bb2 g6 16. Nf1 Nh5 17. g3 Bg7 18. Ne3 Nhf6 19. dxe5 dxe5 20. b4 Nb6 21. Bc2 Nxa4 22. Bxa4 bxa4 23. Nc4 c5 24. Nd6 Bc6 25. Nxe8 Qxe8 26. Qc2 Rc8 27. bxc5 Nd7 28. Ba3 Bf8 29. Rad1 Nxc5 30. Nd2 Bb5 31. Nf1 Nd3 32. Rxd3 Bxd3 33. Qxd3 Bxa3 34. Ne3 Bc5 35. Nd5 Qb5 36. Qf3 a3 37. c4 Qb2 38. Re2 a2 39. Kg2 a1=Q 40. Nf6+ Kg7 41. Ng4 Be7 0-1


[Site "https://www.chess.com"]

[Event "Titled Tuesday Blitz June 27 Early 2023"]
[White "Nogerbek, Kazybek"]
[Black "Nouri, Alekhine"]
[WhiteFideId "13710427"]
[BlackFideId "5216184"]
[WhiteElo "2897"]
[BlackElo "2711"]
[Result "1-0"]
[Round "3"]
[TimeControl "180+2"]
[Date "2023.06.27"]
[WhiteClock "0:00:45"]
[BlackClock "0:00:24"]
[Board "29"]

1. Nf3 c5 2. e3 g6 3. d4 cxd4 4. exd4 Bg7 5. Bd3 Nf6 6. O-O O-O 7. Re1 d6 8. Nbd2 Nc6 9. c3 Bg4 10. h3 Bd7 11. Ne4 a6 12. Nxf6+ Bxf6 13. Bh6 Re8 14. Nd2 d5 15. a4 Rc8 16. Nf3 e5 17. dxe5 Nxe5 18. Nxe5 Bxe5 19. Qd2 Qb6 20. Re2 Re6 21. Rae1 Rce8 22. Qc2 Qa5 23. Ra1 Qc7 24. Be3 Bf4 25. Bxf4 Qxf4 26. Rxe6 Rxe6 27. a5 Bc6 28. Qc1 Qf6 29. Qd2 d4 30. c4 Re5 31. Bf1 Rg5 32. Ra3 Qe5 33. f4 Qc5 34. fxg5 d3+ 35. Qf2 1-0


[Site "https://www.chess.com"]

[Event "Titled Tuesday Blitz June 27 Early 2023"]
[White "Hambleton, Aman"]
[Black "Chigaev, Maksim"]
[WhiteFideId "2606577"]
[BlackFideId "4108116"]
[WhiteElo "2708"]
[BlackElo "2887"]
[Result "0-1"]
[Round "3"]
[TimeControl "180+2"]
[Date "2023.06.27"]
[WhiteClock "0:00:00"]
[BlackClock "0:00:30"]
[Board "30"]

1. d4 Nf6 2. c4 g6 3. Nc3 Bg7 4. e4 d6 5. Bd3 O-O 6. Nge2 Nc6 7. O-O Nd7 8. Be3 e5 9. Bc2 exd4 10. Nxd4 Nde5 11. Nxc6 bxc6 12. c5 Nc4 13. Bc1 dxc5 14. Qe2 Nb6 15. Be3 Qe7 16. Rfe1 a5 17. f3 Ba6 18. Bd3 Bxd3 19. Qxd3 Rfd8 20. Qe2 a4 21. Qf2 a3 22. Rac1 axb2 23. Rc2 Bd4 24. Bxd4 cxd4 25. Nb1 d3 26. Rxb2 Nc4 27. Rb3 d2 28. Rd1 Rxa2 29. Rc3 Qb4 30. Qe2 Na3 0-1


[Site "https://www.chess.com"]

[Event "Titled Tuesday Blitz June 27 Early 2023"]
[White "Seo, Jung Min"]
[Black "De Silva, L M S T"]
[WhiteFideId "1734687"]
[BlackFideId "9953698"]
[WhiteElo "2883"]
[BlackElo "2706"]
[Result "0-1"]
[Round "3"]
[TimeControl "180+2"]
[Date "2023.06.27"]
[WhiteClock "0:00:51"]
[BlackClock "0:00:36"]
[Board "31"]

1. e4 e5 2. Nf3 Nc6 3. Bb5 a6 4. Ba4 Nf6 5. O-O Be7 6. Re1 b5 7. Bb3 O-O 8. h3 Bb7 9. d3 d5 10. exd5 Nxd5 11. Nbd2 Nd4 12. Rxe5 Bf6 13. Re1 Nxb3 14. Nxb3 Qd6 15. d4 Rae8 16. c3 Nf4 17. Bxf4 Qxf4 18. Qd2 Qf5 19. Re3 Bg5 20. Nxg5 Qxg5 21. g3 Qd5 22. f3 Qh5 23. Kh2 f5 24. Rae1 Rd8 25. f4 Rd6 26. Qf2 Qxh3+ 0-1


[Site "https://www.chess.com"]

[Event "Titled Tuesday Blitz June 27 Early 2023"]
[White "Klekowski, Maciej"]
[Black "Shubin, Kirill"]
[WhiteFideId "1132717"]
[BlackFideId "34119962"]
[WhiteElo "2706"]
[BlackElo "2881"]
[Result "0-1"]
[Round "3"]
[TimeControl "180+2"]
[Date "2023.06.27"]
[WhiteClock "0:00:00"]
[BlackClock "0:00:02"]
[Board "32"]

1. c4 e5 2. Nc3 Nc6 3. g3 g6 4. Bg2 Bg7 5. e4 Nge7 6. Nge2 O-O 7. d3 d6 8. h4 h6 9. Be3 Be6 10. Qd2 Kh7 11. f4 Bg4 12. h5 gxh5 13. f5 Nd4 14. Ng1 Ng8 15. Nce2 c5 16. Nc3 Bf6 17. Nh3 Rb8 18. Nd5 b5 19. Nf2 Nf3+ 20. Bxf3 Bxf3 21. Rh3 bxc4 22. dxc4 Bg7 23. b3 Nf6 24. Nxf6+ Qxf6 25. Qd3 a5 26. Bd2 Bg4 27. Nxg4 hxg4 28. Rh4 a4 29. Ke2 axb3 30. axb3 Rh8 31. Rxg4 Kg8 32. Ra6 Rd8 33. Ba5 Rd7 34. Bd2 Kh7 35. Ra1 Rb7 36. Rh1 Kg8 37. Kd1 Kh7 38. Qf3 Kg8 39. Kc2 Ra7 40. Kb2 Kf8 41. Qd3 Ke7 42. Qd5 Rha8 43. Kc3 Ra2 44. Qd3 Kf8 45. Rgh4 Qxf5 46. Bxh6 Qf2 47. Bxg7+ Ke7 48. Bf6+ Kd7 49. Rb1 Qxf6 50. Rf1 Qg6 51. Rh3 f6 52. Qd5 R8a7 53. Rh8 Ke7 0-1


[Site "https://www.chess.com"]

[Event "Titled Tuesday Blitz June 27 Early 2023"]
[White "Darini, Pouria"]
[Black "Galchenko, Matvey"]
[WhiteFideId "12502200"]
[BlackFideId "24175480"]
[WhiteElo "2704"]
[BlackElo "2877"]
[Result "1-0"]
[Round "3"]
[TimeControl "180+2"]
[Date "2023.06.27"]
[WhiteClock "0:00:28"]
[BlackClock "0:01:09"]
[Board "33"]

1. e4 e6 2. d4 d5 3. Nc3 Bb4 4. exd5 exd5 5. Bd3 Nc6 6. a3 Ba5 7. Ne2 Nge7 8. O-O O-O 9. b4 Bb6 10. Na4 Bf5 11. Nc5 Bxc5 12. dxc5 d4 13. Bb2 Qd5 14. Re1 a6 15. Nxd4 Nxd4 16. Rxe7 Nc6 17. Rxc7 Rad8 18. Qf3 Qxf3 19. gxf3 Bxd3 20. cxd3 Rxd3 21. Rxb7 Rb3 22. Rb6 Ne7 23. Be5 Ra8 24. c6 f6 25. Bg3 Rc3 26. c7 Rc8 27. Rd1 Kf7 28. Rxa6 Nf5 29. Rd8 Nh4 30. Bxh4 R8xc7 31. Bg3 Re7 32. Rd1 Rxf3 33. b5 Rb3 34. b6 Re6 35. Ra7+ Kg6 36. b7 Reb6 37. b8=Q 1-0


[Site "https://www.chess.com"]